 Dungeon Sprint DCSS version 0.19-a0-1442-g3b32ff5 (webtiles) character file.

1794 poirepourri the Fighter (level 9, 0/70 HPs)
             Began as a Gargoyle Fighter on Sept 5, 2016.
             Was a Believer of Cheibriados.
             Slain by a deep troll (16 damage)
             ... in the Dungeon (Sprint I: "Red Sonja").
             The game lasted 00:03:29 (1775 turns).

poirepourri the Fighter (Gargoyle Fighter)          Turns: 1775, Time: 00:03:29

Health: 0/70       AC: 12    Str: 25    XL:     9   Next: 9%
Magic:  6/9        EV: 13    Int: 13    God:    Cheibriados [**....]
Gold:   702        SH: 10    Dex: 15    Spells: 0 memorised, 8 levels left

rFire  . . .     SeeInvis .     a - +0 flail
rCold  . . .     Gourm    .     b - +0 scale mail
rNeg   + . .     Faith    .     c - +0 shield
rPois  ∞         Spirit   .     (no helmet)
rElec  +         Dismiss  .     (no cloak)
rCorr  .         Reflect  .     (no gloves)
MR     .....     Harm     .     (no boots)
Stlth  .......... NoTele   +    (no amulet)
                                (no ring)
                                (no ring)

@: very slow
A: negative energy resistance 1, electricity resistance, unbreathing,
petrification resistance, rot immunity, AC +5
a: Bend Time, Renounce Religion


You were in the Dungeon.
You worshipped Cheibriados.
Cheibriados was pleased with you.
You were not hungry.

You visited 1 branch You collected 702 gold pieces.

Inventory:

Hand Weapons
 a - a +0 flail (weapon)
Armour
 b - a +0 scale mail (worn)
 c - a +0 shield (worn)
Wands
 m - a wand of flame (43/48)
Potions
 d - a potion of degeneration {unknown}
 e - 3 potions of curing
 g - a potion of heal wounds
 h - a potion of haste
 i - 2 potions of magic
 j - a potion of berserk rage


   Skills:
 + Level 14.9 Fighting
 + Level 10.4 Maces & Flails
 - Level 3.2 Armour
 + Level 8.2 Dodging
 - Level 3.2 Shields


You had 8 spell levels left.
You didn't know any spells.

Dungeon Overview and Level Annotations

Branches:
Dungeon (1/1)

Altars:
Cheibriados
Dithmenos
Elyvilon
Fedhas
Gozag
Hepliaklqana
Kikubaaqudgha
Makhleb
Nemelex Xobeh
Okawaru
Qazlal
Ru
Sif Muna
Trog
Uskayaw
Vehumet
Xom
Yredelemnul
Zin
The Shining One
Jiyva
Lugonu

Shops:
D [


Innate Abilities, Weirdness & Mutations

You are resistant to torment.
Your stone body is resilient. (AC +5)
You are immune to poison.
You resist negative energy. (rN+)
You are resistant to electric shocks. (rElec)
You can survive without breathing.
You are immune to petrification.
You are immune to rotting.


Message History

The deep troll is moderately wounded.
The deep troll bites you! The deep troll claws you! x2
You closely miss the deep troll.
The deep troll is moderately wounded.
The deep troll bites you.
* * * LOW HITPOINT WARNING * * *
The deep troll closely misses you.
The deep troll claws you but does no damage.
You aren't carrying any spellbooks or scrolls.
Unknown command.
Okay, then.
You bludgeon the deep troll!!
The deep troll is severely wounded.
The deep troll completely misses you. You block the deep troll's attack.
The deep troll claws you.
* * * LOW HITPOINT WARNING * * *
You sock the deep troll!
The deep troll is almost dead.
The deep troll bites you!
You die...

#..#####'#####+#__####...'..#
#..####..#...#)#### #####..+
#..#__####..##.# ##
#..#_____##'#..+
#⌠⌠#_.∩...'..)_#
####_..__##_(#'#
#_____###(#.#
#########.####+###
+..@T$$.$$+ #...#######
###.### #.#'#.# #.....#
#.[.?.# #######


You could see a deep troll.

Vanquished Creatures
  Sonja (D)
  2 kobold demonologists (D)
  A slime creature (D)
  Sigmund (D)
  A yak (D)
  A giant eyeball (D)
  An ogre (D)
  A jelly (D)
  Ijyb (D)
  5 ballistomycetes (D)
  A giant spore (D)
16 creatures vanquished.

Vanquished Creatures (others)
  A giant spore (D)
1 creature vanquished.

Grand Total: 17 creatures vanquished

Notes
Turn   | Place    | Note
-------+----------+-------------------------------------------
     0 | D        | poirepourri the Gargoyle Fighter began the quest for the Orb.
     0 | D        | Reached XP level 1. HP: 14/14 MP: 1/1
     2 | D        | Noticed Ijyb
    11 | D        | Killed Ijyb
    11 | D        | Reached skill level 6 in Fighting
    11 | D        | Reached XP level 2. HP: 22/22 MP: 2/2
    11 | D        | Reached XP level 3. HP: 27/27 MP: 3/3
    90 | D        | Noticed an ogre
    94 | D        | Killed an ogre
    94 | D        | Reached skill level 8 in Fighting
    94 | D        | Reached skill level 1 in Dodging
    94 | D        | Reached XP level 4. HP: 18/36 MP: 4/4
   256 | D        | Noticed Sigmund
   266 | D        | Killed Sigmund
   266 | D        | Reached skill level 11 in Fighting
   266 | D        | Reached XP level 5. HP: 30/44 MP: 5/5
   266 | D        | Reached XP level 6. HP: 33/49 MP: 6/6
   374 | D        | Found a burning altar of Makhleb.
   374 | D        | Found a viscous altar of Jiyva.
   374 | D        | Found a shimmering altar of Xom.
   374 | D        | Found a corrupted altar of Lugonu.
   374 | D        | Noticed a slime creature
   387 | D        | Killed a slime creature
   387 | D        | Reached skill level 12 in Fighting
   387 | D        | Reached XP level 7. HP: 13/56 MP: 7/7
   748 | D        | Found a deep blue altar of Sif Muna.
   750 | D        | Found a radiant altar of Vehumet.
   848 | D        | Found Vaucal's Armour Emporium.
   848 | D        | Found an ancient bone altar of Kikubaaqudgha.
   848 | D        | Found a hazy altar of Hepliaklqana.
   848 | D        | Found a stormy altar of Qazlal.
   848 | D        | Found a hide-covered altar of Uskayaw.
   848 | D        | Found a blossoming altar of Fedhas.
   848 | D        | Found a bloodstained altar of Trog.
   848 | D        | Found an iron altar of Okawaru.
   848 | D        | Found a basalt altar of Yredelemnul.
   848 | D        | Found a glowing golden altar of the Shining One.
   848 | D        | Found a snail-covered altar of Cheibriados.
   848 | D        | Found a sacrificial altar of Ru.
   848 | D        | Found a glowing silver altar of Zin.
   848 | D        | Found a shadowy altar of Dithmenos.
   848 | D        | Found a white marble altar of Elyvilon.
   848 | D        | Noticed a yak
   855 | D        | Killed a yak
   855 | D        | Reached skill level 13 in Fighting
   856 | D        | Found an opulent altar of Gozag.
   857 | D        | Found a sparkling altar of Nemelex Xobeh.
   863 | D        | Became a worshipper of Cheibriados the Contemplative
   932 | D        | Noticed a kobold demonologist
   933 | D        | Noticed a kobold demonologist
   935 | D        | Paralysed by a giant eyeball for 2 turns
   939 | D        | Paralysed by a giant eyeball for 4 turns
   947 | D        | Killed a kobold demonologist
   947 | D        | Reached skill level 14 in Fighting
   947 | D        | Reached skill level 5 in Dodging
   947 | D        | Reached XP level 8. HP: 55/64 MP: 8/8
   948 | D        | Noticed a rust devil
   948 | D        | Reached * piety under Cheibriados
   954 | D        | Noticed a sixfirhy
   956 | D        | Killed a kobold demonologist
  1077 | D        | Noticed a demonic crawler
  1077 | D        | Noticed a demonic crawler
  1077 | D        | Noticed a demonic crawler
  1077 | D        | Noticed a demonic crawler
  1254 | D        | Noticed Sonja
  1300 | D        | Killed Sonja
  1300 | D        | Reached ** piety under Cheibriados
  1300 | D        | Reached skill level 10 in Maces & Flails
  1300 | D        | Reached XP level 9. HP: 35/70 MP: 9/9
  1761 | D        | Noticed a deep troll
  1775 | D        | Slain by a deep troll

Vault maps used:
D:        dungeon_sprint_1

Skill      XL: |  1  2  3  4  5  6  7  8 |
---------------+-------------------------+-----
Fighting       | 6 8 11 12 14 | 14.9
Maces & Flails | 3 4 6 7 9 10 | 10.4
Dodging        | 1 2 3 5 8 |  8.2
Armour         | |  3.2
Shields        | |  3.2

Action                   |  1- 3 |  4- 6 |  7- 9 || total
-------------------------+-------+-------+-------++-------
Melee: Flail             |    11 |    21 |    95 ||   127
Invok: Bend Time         |       |       |     1 ||     1
Evoke: Wand              |       |       |     2 ||     2
  Use: Scroll            |       |       |     3 ||     3
       Potion            |       |       |     1 ||     1
  Eat: Bread ration      |       |       |     1 ||     1
Armor: Scale mail        |     6 |     3 |    93 ||   102
Dodge: Dodged            |     1 |     1 |    62 ||    64
Block: Shield            |     4 |     9 |    65 ||    78
